 Dungeon Crawl Stone Soup version 0.25.1-11-g244df3a29b (webtiles) character file.

Game seed: 2230547273462847946

152 Acheron the Magician (level 5, -3/37 HPs)
             Began as a Demonspawn Wizard on Apr 13, 2023.
             Slain by a worker ant (6 damage)
             ... on level 5 of the Dungeon.
             The game lasted 00:13:25 (3879 turns).

Acheron the Magician (Demonspawn Wizard)            Turns: 3879, Time: 00:13:26

Health: -3/37      AC:  2    Str:  8    XL:     5   Next: 11%
Magic:  10/10      EV: 12    Int: 20    God:
Gold:   123        SH:  0    Dex: 11    Spells: 10/11 levels left

rFire    . . .     SeeInvis .   m - +0 dagger (venom)
rCold    . . .     Gourm    .   (no shield)
rNeg     . . .     Faith    .   a - +0 robe
rPois    .         Spirit   .   (helmet restricted)
rElec    .         Reflect  .   (no cloak)
rCorr    .         Harm     .   (no gloves)
MR       .....                  (no boots)
Stlth    ++........             (no amulet)
HPRegen  0.12/turn              (no ring)
MPRegen  0.12/turn              (no ring)

@: brilliant, lethally poisoned (-3 -> -8), flying, very slightly contaminated,
invisible
A: horns 1, rot immunity
a: no special abilities


You were on level 5 of the Dungeon.
You were not hungry.

You visited 1 branch of the dungeon, and saw 5 of its levels.

You collected 123 gold pieces.

Inventory:

Hand Weapons
 e - a +0 hunting sling
 m - a +0 dagger of venom (weapon)
Missiles
 g - 46 stones
 j - 14 poisoned darts (quivered)
 n - 25 sling bullets
 v - 6 boomerangs
Armour
 a - a +0 robe (worn)
 b - a +0 hat
 f - a +0 helmet
 s - a +0 scale mail
Jewellery
 c - an uncursed amulet of reflection {unknown}
 h - an uncursed amulet of the acrobat {unknown}
 i - a cursed ring of teleportation {unknown}
 k - a +4 ring of slaying {unknown}
 o - an uncursed amulet of magic regeneration {unknown}
 u - an uncursed amulet of faith {unknown}
Wands
 y - a wand of disintegration (12)
Scrolls
 l - 4 scrolls of amnesia {unknown}
 p - a scroll of remove curse
 r - 3 scrolls of identify {unknown}
 w - 2 scrolls of fear {unknown}
Potions
 t - a potion of invisibility
Comestibles
 d - 7 rations


   Skills:
 * Level 1.2 Fighting
 * Level 1.9 Short Blades
 * Level 1.0 Throwing
 * Level 2.3 Dodging
 * Level 2.3 Stealth
 * Level 3.7 Spellcasting
 * Level 1.7 Conjurations
   Level 1.0 Summonings
   Level 0.8 Translocations


You had 10 spell levels left.
You knew the following spells:

 Your Spells              Type           Power        Failure   Level  Hunger
a - Magic Dart            Conj           ###.         7%          1    None

Your spell library contained the following spells:

 Spells                   Type           Power        Failure   Level  Hunger
 Call Imp                 Summ           ##......     13%         2    None
 Blink                    Tloc           N/A          14%         2    None
 Slow                     Hex            #.......     21%         2    None
 Conjure Flame            Conj/Fire      ##......     28%         3    None
 Mephitic Cloud           Conj/Pois/Air  #.......     30%         3    None


Dungeon Overview and Level Annotations

Branches:
Dungeon (5/15)
 Temple: D:4-7

Altars:

Annotations:
D:1 1 runed translucent door


Innate Abilities, Weirdness & Mutations

You have a pair of small horns on your head.
You are immune to rotting.


Message History

* * * LOW HITPOINT WARNING * * *
You feel sick.
It was a potion of invisibility.
You fade into invisibility!
* * * LOW HITPOINT WARNING * * *
You feel sick. The worker ant closely misses you.
The worker ant barely misses you.
You are very lightly contaminated with residual magic.
It was a potion of flight.
You feel very buoyant.
You fly up into the air.
* * * LOW HITPOINT WARNING * * *
You feel sick. The worker ant closely misses you.
* * * LOW HITPOINT WARNING * * *
You feel sick.
It was a potion of brilliance.
You feel clever all of a sudden.
* * * LOW HITPOINT WARNING * * *
You feel sick. The worker ant bites you.
You die...

# ## #. ...
##.#####+#####...
+................
#.......#........
##.....##...##...
#.....##...# ####
##......#..@##....
#.....Os#.a......>#
#.......#.........#
#.......Ss........#
##.....O#.........#
#......#...##....#
#.......#...# ....#
#......##...# ....#
#..[... ##### ..


You could see an ogre, a worker ant, an adder (wandering) and a giant cockroach.

Vanquished Creatures
  A gnoll (D:2)
  8 adders
  An ooze (D:1)
  3 dart slugs
  3 leopard geckos
  4 orcs (D:3)
  A ball python (D:4)
  A giant cockroach (D:1)
  6 hobgoblins
  7 kobolds
  A quokka (D:4)
  5 bats
  3 frilled lizards
  6 goblins
  A jackal skeleton (D:4)
  7 rats
58 creatures vanquished.

Vanquished Creatures (others)
  An ogre (D:4)
  A scorpion (D:4)
  A worker ant (D:4)
  A howler monkey skeleton (D:4)
  An orc (D:4)
5 creatures vanquished.

Grand Total: 63 creatures vanquished

Notes
Turn   | Place    | Note
-------+----------+-------------------------------------------
     0 | D:1      | Acheron the Demonspawn Wizard began the quest for the Orb.
     0 | D:1      | Reached XP level 1. HP: 13/13 MP: 4/4
     1 | D:1      | Found a runed translucent door.
   246 | D:1      | Gained mutation: You are immune to rotting. [demonic
                  | ancestry]
   246 | D:1      | Reached XP level 2. HP: 12/19 MP: 3/6
  1026 | D:2      | Gained mutation: You have a pair of small horns on your
                  | head. [demonic ancestry]
  1026 | D:2      | Reached XP level 3. HP: 25/25 MP: 8/8
  1534 | D:2      | Reached skill level 1 in Short Blades
  1858 | D:2      | Reached XP level 4. HP: 22/31 MP: 9/9
  2687 | D:3      | Reached skill level 1 in Fighting
  3151 | D:3      | Reached skill level 1 in Throwing
  3526 | D:4      | Killed an ogre
  3548 | D:5      | Entered Level 5 of the Dungeon
  3572 | D:4      | Reached XP level 5. HP: 20/37 MP: 10/10
  3833 | D:4      | Noticed an ogre
  3879 | D:5      | Slain by a worker ant

Illustrated notes

Levels and vault maps discovered:
D:1:      dpeg_arrival_caged_fury, layout_rooms
D:2:      layout_loops_corners, minmay_split_cup_large
D:3:      layout_loops_cross, chequers_serial_rivers_micro_a, uniq_natasha
D:4:      layout_loops_ring, kennysheep_mini, xom_confusion_cloud, uniq_edmund,
          uniq_duvessa
D:5:      minmay_chambers_of_threes, layout_gridville, first_ration,
          minmay_tree_intersection, chequers_serial_rivers_micro_b,
          minmay_starry_boxes, uniq_pikel, uniq_eustachio

Skill      XL: |  1  2  3  4 |
---------------+-------------+-----
Dodging        | 2 |  2.3
Short Blades   | 1 |  1.9
Stealth        | 2 |  2.3
Fighting       | 1 |  1.2
Throwing       | 1 |  1.0
Spellcasting   | |  3.7
Conjurations   | |  1.7
Summonings     | |  1.0
Translocations | |  0.8

Action                   |  1- 3 |  4- 6 || total
-------------------------+-------+-------++-------
Melee: Unarmed           |    11 |       ||    11
       Dagger            |    83 |    98 ||   181
       Headbutt          |     3 |    13 ||    16
 Cast: Magic Dart        |    24 |       ||    24
  Use: Scroll            |     1 |       ||     1
       Potion            |       |     3 ||     3
 Stab: Sleeping          |     2 |     3 ||     5
       Distracted        |       |     1 ||     1
  Eat: Chunk             |     2 |     4 ||     6
       Ration            |       |     1 ||     1
Armor: Robe              |    15 |    11 ||    26
Dodge: Dodged            |    47 |    55 ||   102
